 Dungeon Crawl Stone Soup version 0.29.0-4-gdea44cf6ec (webtiles) character file.

Game seed: 7085440383975565901

56 qw the Chopper (level 3, 0/21 HPs)
             Began as a Tengu Warper on Aug 28, 2022.
             Succumbed to a kobold's poison
             ... on level 2 of the Dungeon.
             The game lasted 00:00:06 (1967 turns).

qw the Chopper (Tengu Warper)                       Turns: 1967, Time: 00:00:06

Health: 0/21       AC:  8    Str: 13    XL:     3   Next: 95%
Magic:  7/7        EV:  6    Int: 13    God:
Gold:   46         SH:  0    Dex: 13    Spells: 6/6 levels left

rFire   . . .      SeeInvis .   Y - +1 hand axe
rCold   . . .      Faith    .   (no shield)
rNeg    . . .      Spirit   .   k - +0 chain mail
rPois   .          Reflect  .   (helmet restricted)
rElec   .          Harm     .   (no cloak)
rCorr   .          Rampage  .   (no gloves)
Will    .....                   (boots unavailable)
Stlth   ..........              (no amulet)
HPRegen 0.07/turn               (no ring)
MPRegen 0.10/turn               (no ring)

@: lethally poisoned (0 -> -2)
A: beak, talons 3
a: no special abilities


You were on level 2 of the Dungeon.
You visited 1 branch of the dungeon, and saw 2 of its levels.

You collected 46 gold pieces.


Innate Abilities, Weirdness & Mutations

You have a beak for a mouth.
You have claws for feet.


   Skills:
 - Level 2.0 Fighting
 + Level 4.5 Axes
 - Level 1.0 Throwing
 - Level 1.1 Armour
 - Level 2.1 Dodging
 - Level 2.0 Spellcasting
 - Level 2.4 Translocations


You had 6 spell levels left.
You didn't know any spells.
Your spell library contained the following spells:

 Spells                   Type           Power      Damage    Failure   Level
 Blink                    Tloc           14%        N/A       99%         2
 Gell's Gravitas          Tloc           7%         N/A       100%        3
 Lesser Beckoning         Tloc           7%         N/A       100%        3
 Teleport Other           Tloc           7%         N/A       100%        3
 Manifold Assault         Tloc           7%         N/A       100%        5

Inventory:

Hand Weapons
 g - a +0 mace
 Y - a +1 hand axe (weapon)
Armour
 k - a +0 chain mail (worn)
Scrolls
 a - a scroll of teleportation {unknown}
Potions
 f - a potion of mutation

Dungeon Overview and Level Annotations

Branches:
Dungeon (2/15)

Altars:


Message History

The kobold throws a stone.
The stone hits you but does no damage.
You closely miss the kobold. You claw the kobold.
You kill the kobold!
You closely miss the kobold. You hit the kobold.
The kobold is heavily wounded.
You closely miss the kobold.
The kobold hits you with a +2 whip of venom.
The kobold hits you but does no damage.
You hit the kobold.
You kill the kobold!
You hit the kobold but do no damage. You barely miss the kobold.
The kobold hits you but does no damage. The kobold barely misses you.
You closely miss the kobold. You barely miss the kobold. x2
The kobold hits you but does no damage.
You are poisoned.
The kobold hits you but does no damage.
You hit the kobold.
The kobold is moderately wounded.
You barely miss the kobold. You hit the kobold but do no damage.
You feel sick. The kobold closely misses you.
The kobold hits you with a +0 short sword.
The kobold hits you with a +4 short sword of flaming.
The kobold burns you.
You closely miss the kobold. Your kick misses the kobold.
You closely miss the kobold. x3
You feel sick.
The kobold hits you but does no damage. x3
The kobold closely misses you.
You hit the kobold.
You kill the kobold!
You barely miss the kobold. You hit the kobold but do no damage.
You barely miss the kobold.
You feel sick.
The kobold hits you with a +4 short sword of flaming.
The kobold burns you. The kobold hits you but does no damage.
The kobold completely misses you.
You hit the kobold. Your peck misses the kobold.
The kobold is moderately wounded.
You closely miss the kobold. x2
You die...

.. #. #. .. #.
#.###########
###.#.........#
#..)@K#######.#
#########
##'KK## #.#
........# #...#
### #.#
.######.###
#.....
#.###)#### .#
#......##.)....
#........# .#
#.##.####.......
########.#
.###.##.#
#.......
####.####
........#
#.......#
#.......#
####.####
#.##.##.#


You could see 3 kobolds.

Vanquished Creatures
  Terence (D:2)
  A dart slug (D:1)
  3 ball pythons
  A bat (D:1)
  2 endoplasms (D:1)
  A giant cockroach (D:1)
  2 goblins (D:1)
  2 hobgoblins (D:1)
  5 jackals (D:1)
  A quokka (D:1)
  A frilled lizard (D:1)
  5 kobolds
  A rat (D:1)
26 creatures vanquished.

Vanquished Creatures (others)
  11 toadstools (D:2)
11 creatures vanquished.

Grand Total: 37 creatures vanquished

Notes
Turn   | Place    | Note
-------+----------+-------------------------------------------
     0 | D:1      | qw the Tengu Warper began the quest for the Orb.
     0 | D:1      | Reached XP level 1. HP: 12/12 MP: 4/4
     0 | D:1      | 0 ||| qw: Version: 0.1-a-89-g26bdef1
     0 | D:1      | 0 ||| qw: Game counter: 2245
     0 | D:1      | 0 ||| qw: Always use a shield: true
     0 | D:1      | 0 ||| qw: God list: Okawaru
     0 | D:1      | 0 ||| qw: Allow faded altars: false
     0 | D:1      | 0 ||| qw: Do Orc after D:15 true
     0 | D:1      | 0 ||| qw: Do second Lair branch before Depths: true
     0 | D:1      | 0 ||| qw: Lair rune preference: random
     0 | D:1      | 0 ||| qw: Plans: Normal
     0 | D:1      | 0 ||| PLANNING D:1-11
   237 | D:1      | 237 ||| Stepping ~*~*~tactically~*~*~ (stealth).
   240 | D:1      | 240 ||| Stepping ~*~*~tactically~*~*~ (stealth).
   243 | D:1      | Reached XP level 2. HP: 17/17 MP: 6/6
   273 | D:1      | Reached skill level 3 in Axes
   757 | D:1      | Found a faded altar of an unknown god.
   854 | D:1      | Reached XP level 3. HP: 21/21 MP: 7/7
  1179 | D:1      | 1179 ||| UPGRADING to +0 ring mail.
  1189 | D:1      | 1189 ||| DROPPING +0 leather armour.
  1190 | D:1      | 1190 ||| UPGRADING to +0 chain mail.
  1200 | D:1      | 1200 ||| DROPPING +0 ring mail.
  1201 | D:1      | 1201 ||| READING scroll labelled QOIDIM HIUV.
  1202 | D:1      | 1202 ||| READING scroll labelled KOOBERHUIT.
  1203 | D:1      | 1203 ||| READING 2 scrolls labelled WADAYBL QADONT.
  1204 | D:1      | 1204 ||| READING scroll labelled CAUSSA JEVANO.
  1205 | D:1      | 1205 ||| DRINKING 2 green potions.
  1205 | D:1      | Gained mutation: Your mind is acute. (Int +4, Str/Dex -1)
                  | [potion of mutation]
  1205 | D:1      | Lost mutation: Your mind is acute. (Int +4, Str/Dex -1)
                  | [potion of mutation]
  1206 | D:1      | 1206 ||| DROPPING scroll of blinking.
  1207 | D:1      | 1207 ||| DROPPING scroll of fear.
  1208 | D:1      | 1208 ||| Stepping randomly (stuck).
  1209 | D:1      | 1209 ||| Stepping ~*~*~tactically~*~*~ (cloud).
  1216 | D:1      | HP: 5/21 [poisoned by you (poison gas)]
  1463 | D:2      | 1463 ||| Stepping ~*~*~tactically~*~*~ (stealth).
  1632 | D:2      | Noticed Terence
  1640 | D:2      | HP: 5/21 [Terence/+0 trident (9)]
  1643 | D:2      | HP: 1/21 [Terence/+0 trident (4)]
  1644 | D:2      | Killed Terence
  1645 | D:2      | Reached skill level 4 in Axes
  1966 | D:2      | HP: 3/21 [kobold/+4 short sword of flaming (3)]
  1966 | D:2      | HP: 1/21 [kobold/+4 short sword of flaming (2)]
  1967 | D:2      | Succumbed to a kobold's poison

Levels and vault maps discovered:
D:1:      dpeg_arrival_pits, layout_loops_corners,
          shapermc_ecumenical_altar_venn
D:2:      cheibrodos_fertilizer, layout_loops_corners, uniq_terence

Skill      XL: |  1  2  3 |
---------------+----------+-----
Axes           | 3 4 |  4.5
Fighting       | |  2.0
Throwing       | |  1.0
Armour         | |  1.1
Dodging        | |  2.1
Spellcasting   | |  2.0
Translocations | |  2.4

Action                   || total
-------------------------++-------
Melee: Hand axe          ||    60
       Kick              ||    15
       Peck              ||     7
       Punch             ||     2
Throw: Boomerang         ||     7
  Use: Scroll            ||     4
       Potion            ||     1
Armor: Leather armour    ||     6
       Chain mail        ||    20
Dodge: Dodged            ||    22

Table legend:
 A = Non-vault XP
 B = Vault XP
 C = Vault XP percentage of total XP
 D = Non-vault monster count
 E = Vault monster count
 F = Vault count percentage of total count
                 A         B        C        D         E       F
            +---------+---------+-------+---------+---------+-------
      Total |      40 |      40 |  50.0 |      22 |       4 |  15.4
            +---------+---------+-------+---------+---------+-------
        D:1 |      38 |       0 |   0.0 |      20 |       0 |   0.0
        D:2 |       2 |      40 |  95.2 |       2 |       4 |  66.7
            +---------+---------+-------+---------+---------+-------
